 Dungeon Crawl Stone Soup version 0.18.1-6-gd335043 (webtiles) character file.

8976 M4edhros the Cleaver (level 11, -5/99 HPs)
             Began as a Minotaur Berserker on May 20, 2016.
             Was a High Priest of Trog.
             Slain by an orc warlord
             ... wielding a +0 great sword
              (19 damage)
             ... on level 2 of the Orcish Mines.
             The game lasted 00:18:03 (3437 turns).

M4edhros the Cleaver (Minotaur Berserker)           Turns: 3437, Time: 00:18:03

Health: -5/99      AC: 16    Str: 28    XL:     11   Next: 17%
Magic:  10/10      EV: 11    Int:  4    God:    Trog [*****.]
Gold:   812        SH:  0    Dex: 13    Spells: 0 memorised, 10 levels left

rFire  . . .     SeeInvis .     a - +0 war axe
rCold  . . .     Gourm    .     u - +0 plate armour
rNeg   . . .     Faith    .     (no shield)
rPois  .         Spirit   .     (helmet restricted)
rElec  .         Dismiss  .     y - +0 cloak
rCorr  .         Reflect  .     q - +0 pair of gloves
SustAt .         Harm     .     (no boots)
MR     .....                    (no amulet)
Stlth  ..........               o - +4 ring of strength
                                E - +2 ring of strength

@: exhausted, slowed, very slow, not resistant to hostile enchantments,
extremely unstealthy
A: retaliatory headbutt, horns 2
a: Berserk, Trog's Hand, Brothers in Arms, Burn Spellbooks, Renounce Religion


You were on level 2 of the Orcish Mines.
You worshipped Trog.
Trog was extremely pleased with you.
You were hungry.

You visited 2 branches of the dungeon, and saw 12 of its levels.

You collected 812 gold pieces.

Inventory:

Hand Weapons
 a - a +0 war axe (weapon)
 s - the +5 long sword of Generosity {distort, rC- Dex+5, unknown}
   (You took it off a centaur on level 7 of the Dungeon)

   It warps and distorts space around it.
   Unwielding it can cause banishment or high damage.
   It affects your dexterity (+5).
   It makes you vulnerable to cold.
 F - a +0 battleaxe of distortion
 G - a +0 battleaxe
 H - a +0 broad axe
Missiles
 g - 4 steel tomahawks (quivered)
Armour
 l - a +0 chain mail
 q - a +0 pair of gloves (worn)
 u - a +0 plate armour (worn)
 y - a +0 cloak (worn)
Jewellery
 b - an uncursed ring of wizardry
 e - a +3 ring of intelligence
 o - a +4 ring of strength (right hand)
 E - a +2 ring of strength (left hand)
Wands
 r - a wand of random effects (3/48)
Scrolls
 d - a scroll of teleportation {unknown}
 f - a scroll of magic mapping {unknown}
 h - 3 scrolls of remove curse
 i - 2 scrolls of noise {unknown}
 j - 2 scrolls of enchant weapon
 k - 2 scrolls of immolation {unknown}
 w - a scroll of enchant armour {unknown}
 x - a scroll of recharging {unknown}
 D - 2 scrolls of torment {unknown}
Potions
 p - 2 potions of curing
 t - 2 potions of resistance
 v - a potion of lignification
 z - a potion of agility {unknown}
 A - a potion of flight
Books
 C - a book of the Earth

   Spells                             Type                      Level
   a - Leda's Liquefaction            Hexes/Earth                  4
   b - Bolt of Magma                  Conjuration/Fire/Earth       5
   c - Statue Form                    Transmutation/Earth          6
   d - Iron Shot                      Conjuration/Earth            6
   e - Shatter                        Earth                        9
   Trog disapproves of the use of such an item.
Miscellaneous
 m - a plain deck of wonders
Comestibles
 c - 4 bread rations
 n - a meat ration
 B - a chunk of flesh


   Skills:
 * Level 9.7 Fighting
 + Level 14.2 Axes
 * Level 8.9 Armour
 * Level 8.2 Dodging


You had 10 spell levels left.
You didn't know any spells.

Dungeon Overview and Level Annotations

Branches:
Dungeon (10/15)              Lair (0/8) D:8             Orc (2/2) D:10
    Elf (0/3) Orc:2
 Temple: D:4-7

Altars:
Ashenzari
Cheibriados
Dithmenos
Makhleb
Nemelex Xobeh
Sif Muna
Yredelemnul
Zin
Beogh

Shops:
Orc:1 %   Orc:2 (%


Innate Abilities, Weirdness & Mutations

You reflexively headbutt those who attack you in melee.
You have a pair of horns on your head.


Message History

You are too berserk!
Unknown command.
You are too berserk!
You feel a strong urge to attack something.
You are no longer berserk.
You are exhausted.
You feel yourself slow down.
You are feeling hungry.
Your ogre goes berserk!
You feel somewhat more hungry.
Your ogre barely misses the orc warlord.
The orc warlord closely misses you.
Drink which item? (? for menu, Esc to quit)
Okay, then.
Your ogre barely misses the orc warlord.
Your ogre goes berserk!
You feel somewhat more hungry.
Your ogre hits the orc warlord with a giant club!!!
The orc warlord hits you with a great sword!!
You die...

###.##.#.#... ##.......##..##
#.....#.#...<.# ##....#.......##
##.............##
#...#...##......## #
#.........#......# ####
##########............)).#####..)
........###.....@.#####....##....
#######..##....o.##...##.....#...
##)###..OO##.....##........
#))##....#)).....#........
####))#o...')).8_.∩#........
###+##8.#)).....#.[.....#........
..oo...)((8.....##)....##........
.8.o..o.'........##...##.......##
........'.8.......#####.........#


You could see an orc warlord, an orc and 2 friendly ogres.

Vanquished Creatures
  3 orc knights
  An orc sorcerer (Orc:2)
  Maurice (D:8)
  The ghost of M4edhros the Cleaver, a novice MiBe of Trog (D:6)
  A troll (Orc:1)
  Prince Ribbit (D:9)
  A hippogriff (D:9)
  A warg (Orc:1)
  27 orc warriors
  A black bear (D:6)
  2 sky beasts
  A necrophage (D:8)
  6 ogres
  3 centaurs
  A giant frog (D:10)
  2 scorpions (D:8)
  A wyvern skeleton (D:8)
  7 wights
  A howler monkey (D:8)
  3 crimson imps
  3 hounds
  3 jellies
  13 orc wizards
  2 giant frog zombies
  21 orc priests
  A centaur skeleton (D:7)
  3 giant frog skeletons
  An iguana (D:8)
  5 worker ants
  A hound skeleton (D:7)
  A worker ant zombie (D:6)
  3 adders
  A shadow imp (D:6)
  2 oozes
  2 adder zombies (D:9)
  An adder skeleton (D:6)
  4 worms
  3 giant geckos
  64 orcs
  A bat zombie (D:2)
  2 giant cockroaches
  3 goblins (D:2)
  A hobgoblin (D:2)
  11 jackals
  2 quokkas
  A bat (D:2)
  2 giant newts
222 creatures vanquished.

Notes
Turn   | Place    | Note
--------------------------------------------------------------
     0 | D:1      | M4edhros the Minotaur Berserker began the quest for the Orb.
     0 | D:1      | Reached XP level 1. HP: 19/19 MP: 0/0
    42 | D:1      | Reached skill level 4 in Axes
    87 | D:2      | Reached XP level 2. HP: 26/26 MP: 1/1
    93 | D:2      | Found a faded altar to an unknown god.
   195 | D:2      | Reached skill level 5 in Axes
   267 | D:2      | Reached XP level 3. HP: 23/31 MP: 2/2
   315 | D:2      | Found a basalt altar of Yredelemnul.
   461 | D:4      | Reached ** piety under Trog
   461 | D:4      | Reached skill level 6 in Axes
   461 | D:4      | Reached XP level 4. HP: 15/39 MP: 3/3
   504 | D:5      | Entered Level 5 of the Dungeon
   542 | D:6      | Noticed M4edhros's ghost (novice MiBe)
   549 | D:6      | Reached skill level 7 in Axes
   549 | D:6      | Reached XP level 5. HP: 45/45 MP: 4/4
   657 | D:7      | Noticed a centaur
   671 | D:5      | Noticed an ogre
   674 | D:5      | Killed an ogre
   675 | D:5      | Reached skill level 8 in Axes
   695 | D:5      | Reached XP level 6. HP: 29/51 MP: 5/5
   941 | D:6      | Reached skill level 9 in Axes
  1036 | D:6      | Reached XP level 7. HP: 11/57 MP: 6/6
  1050 | D:6      | Found a sparkling altar of Nemelex Xobeh.
  1127 | D:6      | Reached skill level 10 in Axes
  1267 | D:6      | Killed M4edhros's ghost
  1267 | D:6      | Reached skill level 11 in Axes
  1267 | D:6      | Reached XP level 8. HP: 64/64 MP: 7/7
  1438 | D:7      | Reached skill level 12 in Axes
  1540 | D:7      | Got an uncursed twisted long sword {distort}
  1597 | D:8      | Reached skill level 13 in Axes
  1705 | D:8      | Reached *** piety under Trog
  1799 | D:8      | Reached XP level 9. HP: 61/72 MP: 8/8
  1809 | D:8      | Noticed Maurice
  1819 | D:8      | Paralysed by something for 2 turns
  1845 | D:8      | Paralysed by Maurice for 6 turns
  1876 | D:8      | Paralysed by something for 4 turns
  1914 | D:8      | Found a shattered altar of Ashenzari.
  1958 | D:8      | Found a snail-covered altar of Cheibriados.
  1968 | D:8      | Reached skill level 5 in Fighting
  2077 | D:8      | Found a staircase to the Lair.
  2117 | D:8      | Paralysed by Maurice for 6 turns
  2142 | D:8      | Paralysed by something for 7 turns
  2157 | D:8      | Killed Maurice
  2157 | D:8      | Reached skill level 5 in Armour
  2248 | D:9      | Reached skill level 5 in Dodging
  2293 | D:9      | Noticed Prince Ribbit
  2296 | D:9      | Killed Prince Ribbit
  2316 | D:9      | Found a glowing silver altar of Zin.
  2317 | D:9      | Found a burning altar of Makhleb.
  2323 | D:9      | Noticed a green death
  2326 | D:9      | Noticed an angel
  2543 | D:9      | Reached **** piety under Trog
  2558 | D:9      | Found a shadowy altar of Dithmenos.
  2559 | D:9      | Found a deep blue altar of Sif Muna.
  2591 | D:10     | Entered Level 10 of the Dungeon
  2591 | D:10     | Found a staircase to the Orcish Mines.
  2608 | Orc:1    | Entered Level 1 of the Orcish Mines
  2608 | Orc:1    | Found Yjentiy's Food Boutique.
  2619 | Orc:1    | Noticed an orc knight
  2629 | Orc:1    | Reached XP level 10. HP: 86/86 MP: 9/9
  2645 | Orc:1    | Killed an orc knight
  2736 | Orc:2    | Entered Level 2 of the Orcish Mines
  2750 | Orc:2    | Found a staircase to the Elven Halls.
  2822 | Orc:2    | Noticed an orc knight
  2839 | Orc:2    | Killed an orc knight
  2913 | Orc:2    | Found a roughly hewn altar of Beogh.
  2927 | Orc:2    | Reached ***** piety under Trog
  3023 | Orc:2    | Found a roughly hewn altar of Beogh.
  3024 | Orc:2    | Noticed an orc knight
  3024 | Orc:2    | Found Tasimeot's Food Boutique.
  3031 | Orc:2    | Reached skill level 14 in Axes
  3034 | Orc:2    | Killed an orc knight
  3113 | Orc:2    | Noticed an orc sorcerer
  3121 | Orc:2    | Noticed a sixfirhy
  3124 | Orc:2    | Killed an orc sorcerer
  3156 | Orc:2    | Reached XP level 11. HP: 49/97 MP: 10/10
  3192 | Orc:2    | Found a roughly hewn altar of Beogh.
  3193 | Orc:2    | Found Zuoth's Antique Weapon Emporium.
  3415 | Orc:2    | Noticed an orc warlord
  3437 | Orc:2    | Slain by an orc warlord

Skill      XL: |  1  2  3  4  5  6  7  8  9 10 11 |
---------------+----------------------------------+-----
Axes           | 4 5 6 7 8 9 11 13 14 | 14.2
Armour         | 3 6 8 |  8.9
Fighting       | 4 7 9 |  9.7
Dodging        | 3 5 7 8 |  8.2

Action                   |  1- 3 |  4- 6 |  7- 9 | 10-12 || total
-------------------------+-------+-------+-------+-------++-------
Melee: Hand axe          |    50 |    91 |    93 |       ||   234
       Headbutt          |    11 |    17 |    53 |    50 ||   131
       War axe           |       |       |   138 |    94 ||   232
       Battleaxe         |       |       |       |    63 ||    63
Invok: Berserk           |     1 |     5 |    15 |     8 ||    29
       Trog's Hand       |       |     1 |       |     3 ||     4
       Brothers in Arms  |       |       |       |     2 ||     2
Evoke: Wand              |       |       |     6 |       ||     6
  Use: Potion            |       |     2 |     2 |     1 ||     5
       Scroll            |       |       |     3 |       ||     3
 Stab: Sleeping          |     1 |       |       |       ||     1
  Eat: Chunk             |       |     5 |    19 |    12 ||    36
       Pizza             |       |     1 |       |       ||     1
       Beef jerky        |       |       |     1 |       ||     1
Armor: Animal skin       |     3 |       |       |       ||     3
       Chain mail        |     8 |    60 |    45 |       ||   113
       Plate armour      |       |       |    89 |    46 ||   135
Dodge: Dodged            |    29 |    54 |    67 |    63 ||   213
